 Dungeon Crawl Stone Soup version 0.19-a0-1068-g99dd0f4 (webtiles) character file.

2679 Jmtri7 the Transmogrifier (level 9, -11/53 HPs)
             Began as an Octopode Transmuter on Aug 5, 2016.
             Was a Follower of Sif Muna.
             Splashed by Erica's acid (14 damage)
             ... on level 8 of the Dungeon.
             The game lasted 00:24:14 (8372 turns).

Jmtri7 the Transmogrifier (Octopode Transmuter)     Turns: 8372, Time: 00:24:15

Health: -11/53     AC:  2    Str: 13    XL:     9   Next: 64%
Magic:  11/12      EV: 24    Int: 15    God:    Sif Muna [*.....]
Gold:   326        SH:  0    Dex: 21    Spells: 2 memorised, 8 levels left

rFire  . . .     SeeInvis .       - Unarmed
rCold  . . .     Gourm    .     (shield currently unavailable)
rNeg   . . .     Faith    .     (helmet currently unavailable)
rPois  x         Spirit   .     p - amulet of magic regeneration
rElec  .         Dismiss  .     j - +4 ring of evasion
rCorr  .         Reflect  .     n - ring of flight
SustAt +         Harm     .     v - ring of sustain attributes
MR     .....                    y - +4 ring of dexterity
Stlth  ++........               (no ring)
                                (no ring)
                                (no ring)
                                (no ring)

@: spider-form
A: almost no armour, (amphibious), 8 rings, (constrict 8), (camouflage 0),
(gelatinous body 0)
a: End Transformation, Divine Energy, Renounce Religion, Evoke Flight


You were on level 8 of the Dungeon.
You worshipped Sif Muna.
Sif Muna was aware of your devotion.
You were hungry.
You were a venomous arachnid creature.
You visited 2 branches of the dungeon, and saw 9 of its levels.

You collected 326 gold pieces.

Inventory:

Missiles
 a - 126 arrows
Armour
 D - a +0 buckler (melded)
Jewellery
 j - a +4 ring of evasion (left front leg)
 n - a ring of flight (right front leg)
 p - an amulet of magic regeneration (around neck)
 v - a ring of sustain attributes (on tentacle)
 y - a +4 ring of dexterity (on tentacle)
 K - the brooch of Shielding {Reflect SH+8}
   (You found it on level 7 of the Dungeon)

   [amulet of reflection]

   It shields you and reflects attacks.
   It affects your SH (+8).
Wands
 s - a wand of acid (3/15)
 w - a wand of disintegration (10/24)
 B - a wand of paralysis (17/24)
 I - a wand of random effects (27/48)
 M - a wand of digging (15/24)
Scrolls
 d - 2 scrolls of remove curse
 e - 6 scrolls of identify {unknown}
 i - a scroll of recharging {unknown}
 k - 3 scrolls of fog {unknown}
 q - 2 scrolls of enchant weapon {unknown}
 r - a scroll of immolation {unknown}
 x - 2 scrolls of enchant armour {unknown}
 G - 3 scrolls of random uselessness {unknown}
 J - 2 scrolls of fear {unknown}
 N - a scroll of torment {unknown}
 O - a scroll of teleportation {unknown}
Potions
 g - a potion of brilliance {unknown}
 h - 2 potions of mutation {unknown}
 l - 3 potions of heal wounds
 m - a potion of resistance {unknown}
 u - a potion of curing {unknown}
 z - a potion of degeneration {unknown}
 A - a potion of flight {unknown}
 C - a potion of cure mutation {unknown}
 H - a potion of cancellation {unknown}
 P - a potion of lignification {unknown}
Books
 b - a book of Changes

   Spells                             Type                      Level
   a - Beastly Appendage              Transmutation                1
   b - Sticks to Snakes               Transmutation                2
   c - Spider Form                    Transmutation/Poison         3
   d - Ice Form                       Ice/Transmutation            4
   e - Blade Hands                    Transmutation                5
Comestibles
 c - 6 bread rations
 f - 2 meat rations
 o - 3 beef jerkies
 t - a fruit
 E - 2 slices of pizza
 F - a royal jelly


   Skills:
 - Level 1.0 Fighting
 - Level 2.0 Dodging
 - Level 9.3 Unarmed Combat
 - Level 2.0 Spellcasting
 + Level 9.6 Transmutations


You had 8 spell levels left.
You knew the following spells:

 Your Spells              Type           Power        Failure   Level  Hunger
a - Beastly Appendage     Tmut           ####..       3%          1    #......
b - Spider Form           Tmut/Pois      ###.......   28%         3    ###....


Dungeon Overview and Level Annotations

Branches:
Dungeon (8/15)             Temple (1/1) D:5
   Lair: D:8-11

Altars:
Ashenzari
Cheibriados
Dithmenos
Elyvilon
Fedhas
Gozag
Hepliaklqana
Kikubaaqudgha
Makhleb
Nemelex Xobeh
Okawaru
Pakellas
Qazlal
Ru
Sif Muna
Trog
Uskayaw
Vehumet
Xom
Yredelemnul
Zin
The Shining One

Shops:
D:5 !

Annotations:
D:8 Erica


Innate Abilities, Weirdness & Mutations

You cannot wear most types of armour.
((You are amphibious.))
You can wear up to eight rings at the same time.
((You can use your tentacles to constrict eight enemies at once.))
((Your skin changes colour to match your surroundings (Stealth+).))
((Your rubbery body absorbs attacks. (AC +1, EV +1)))


Message History

You hit something. Something closely misses you.
You hit something. Something barely misses you.
You barely miss something. You bite something! Something hits you!
Something burns you.
The ball python completely misses you. x2
You hit the ball python.
You kill the ball python!
Sif Muna accepts your kill.
You hear some strange, mumbled words.
Something tries to affect you, but you resist.
You bite the giant cockroach!
You kill the giant cockroach!
Sif Muna accepts your kill.
You hear a zap.
A bolt of acid appears from out of thin air!
The bolt of acid hits you!
Ouch! That really hurt!
* * * LOW HITPOINT WARNING * * *
The acid burns!
You die...

..........# ..........#
..........# ..........#
..........# ..........#
................†..#
..)............{s..####
......................##
...................##..######
................#..........>##
...................####.###..#
.............#(.....###......####
......................##.........
.......##.#...##.................
......##....#...###...........)..


There were no monsters in sight!

Vanquished Creatures
  A two-headed ogre (D:8)
  Sigmund (D:4)
  The ghost of strifetoe the Conjurer, an amateur DEFE (D:3)
  2 ice beasts
  A phantom (D:5)
  3 ogres (D:6)
  A necrophage (D:5)
  Blork the orc (D:4)
  3 giant frogs
  5 killer bees (D:7)
  A wight (D:8)
  A giant frog zombie (D:6)
  4 crimson imps
  2 hounds
  A centaur zombie (D:5)
  2 jellies
  2 orc wizards
  7 worker ants
  An iguana (D:5)
  2 killer bee zombies
  A hound skeleton (D:7)
  A howler monkey zombie (D:7)
  A worker ant zombie (D:5)
  23 gnolls
  6 adders
  An ooze (D:3)
  An adder zombie (D:7)
  5 worms
  6 dart slugs
  4 giant geckos
  22 orcs
  6 giant cockroaches
  15 goblins
  9 hobgoblins
  9 jackals
  A ball python (D:8)
  10 bats
  A giant gecko skeleton (D:4)
  6 giant newts
  7 kobolds
  A quokka skeleton (D:7)
  6 rats
184 creatures vanquished.

Vanquished Creatures (others)
  A quokka (D:3)
1 creature vanquished.

Grand Total: 185 creatures vanquished

Notes
Turn   | Place    | Note
-------+----------+-------------------------------------------
     0 | D:1      | Jmtri7 the Octopode Transmuter began the quest for the Orb.
     0 | D:1      | Reached XP level 1. HP: 13/13 MP: 3/3
   335 | D:1      | Reached XP level 2. HP: 18/18 MP: 3/5
  1124 | D:1      | Reached XP level 3. HP: 11/23 MP: 4/6
  1134 | D:1      | Learned a level 3 spell: Spider Form
  1793 | D:2      | Found a bloodstained altar of Trog.
  2005 | D:2      | Reached XP level 4. HP: 12/28 MP: 5/7
  2274 | D:2      | Found an iron altar of Okawaru.
  2530 | D:2      | Found a faded altar of an unknown god.
  2672 | D:2      | Reached skill level 5 in Transmutations
  2685 | D:2      | Reached XP level 5. HP: 16/33 MP: 8/8
  3030 | D:3      | Found a radiant altar of Vehumet.
  3031 | D:3      | Found a basalt altar of Yredelemnul.
  3033 | D:3      | Noticed strifetoe's ghost (amateur DEFE)
  3033 | D:3      | Found a glowing silver altar of Zin.
  3036 | D:3      | Found an oddly glowing altar of Pakellas.
  3318 | D:3      | Killed strifetoe's ghost
  3318 | D:3      | Reached XP level 6. HP: 13/38 MP: 6/9
  4070 | D:3      | Found a stormy altar of Qazlal.
  4072 | D:3      | Noticed a water elemental
  4073 | D:3      | Noticed a fire elemental
  4073 | D:3      | Noticed an air elemental
  4356 | D:4      | Found a shattered altar of Ashenzari.
  4359 | D:4      | Noticed Sigmund
  4372 | D:4      | Killed Sigmund
  4372 | D:4      | Reached skill level 5 in Unarmed Combat
  4372 | D:4      | Reached XP level 7. HP: 31/43 MP: 8/10
  5156 | D:4      | Noticed Blork the orc
  5164 | D:4      | Killed Blork the orc
  5205 | D:5      | Entered Level 5 of the Dungeon
  5214 | D:5      | Found Cohetiq's Distillery.
  5373 | D:5      | Found a staircase to the Ecumenical Temple.
  5389 | Temple   | Entered the Ecumenical Temple
  5425 | Temple   | Became a worshipper of Sif Muna the Loreminder
  5564 | D:5      | Reached XP level 8. HP: 48/48 MP: 8/11
  6497 | D:6      | Reached XP level 9. HP: 43/53 MP: 9/12
  7039 | D:7      | Found a shadowy altar of Dithmenos.
  7039 | D:7      | Found a sacrificial altar of Ru.
  7042 | D:7      | Found a hide-covered altar of Uskayaw.
  7043 | D:7      | Found a sparkling altar of Nemelex Xobeh.
  7044 | D:7      | Found a shattered altar of Ashenzari.
  7085 | D:7      | Reached * piety under Sif Muna
  8283 | D:8      | Noticed a two-headed ogre
  8285 | D:8      | Found a shimmering altar of Xom.
  8291 | D:8      | Killed a two-headed ogre
  8358 | D:8      | Noticed Erica
  8372 | D:8      | Splashed by Erica's acid

Vault maps used:
D:1:      minmay_arrival_solitary_statue
D:2:      lemuel_coloured_pillars_altar, ecumenical_altar_2, bloody_trog
D:3:      kennysheep_six_static_rooms, grunt_temple_overflow_open,
          nicolae_qazlal_style_of_elements
D:4:      first_bread, cheibrodos_ashenzari_chains, uniq_sigmund,
          uniq_blork_the_orc
D:5:      serial_shops, nicolae_shop_crystal, hex_tiny, minmay_misc_feat_plants,
          bh_walls_and_bars
D:7:      minitemple
D:8:      basic_altar, grunt_ministairs_4, hangedman_ranch, uniq_erica
Temple:   minmay_temple_bridge_abc

Skill      XL: |  1  2  3  4  5  6  7  8  9 |
---------------+----------------------------+-----
Transmutations | 3 4 5 6 7 9 |  9.6
Unarmed Combat | 5 7 9 |  9.3
Fighting       | |  1.0
Dodging        | |  2.0
Spellcasting   | |  2.0

Action                   |  1- 3 |  4- 6 |  7- 9 || total
-------------------------+-------+-------+-------++-------
Melee: Unarmed           |    79 |   172 |   319 ||   570
       Constrict         |    25 |    15 |     3 ||    43
       Kick              |     8 |    12 |       ||    20
       Tentacles         |    13 |    12 |     6 ||    31
       Punch             |     1 |       |       ||     1
 Cast: Beastly Appendage |    14 |     9 |     1 ||    24
       Spider Form       |       |    19 |    48 ||    67
  Use: Potion            |     1 |       |       ||     1
       Scroll            |       |       |     1 ||     1
 Stab: Sleeping          |     2 |     1 |       ||     3
  Eat: Chunk             |     4 |    10 |    19 ||    33
       Fruit             |       |       |     2 ||     2
Armor: Skin              |    11 |     9 |     8 ||    28
Dodge: Dodged            |    63 |   154 |   349 ||   566
